 Dungeon Crawl Stone Soup version 0.26-a0-651-gb41185065b (webtiles) character file.

Game seed: 9707054387212532047

38 lorenzova the Conjurer (level 3, 0/19 HPs)
             Began as a Deep Elf Conjurer on Oct 29, 2020.
             Slain by Sigmund
             ... wielding a +0 scythe
              (10 damage)
             ... on level 2 of the Dungeon.
             The game lasted 00:01:20 (1070 turns).

lorenzova the Conjurer (Deep Elf Conjurer)          Turns: 1070, Time: 00:01:20

Health: 0/19       AC:  2    Str:  4    XL:     3   Next: 25%
Magic:  5/10       EV: 13    Int: 23    God:
Gold:   71         SH:  0    Dex: 13    Spells: 7/10 levels left

rFire    . . .     SeeInvis .   (no weapon)
rCold    . . .     Faith    .   (no shield)
rNeg     . . .     Spirit   .   a - +0 robe
rPois    .         Reflect  .   (no helmet)
rElec    .         Harm     .   (no cloak)
rCorr    .         Rampage  .   (no gloves)
MR       .....                  (no boots)
Stlth    +.........             (no amulet)
HPRegen  0.06/turn              (no ring)
MPRegen  0.12/turn              (no ring)

@: confused
A: no striking features
a: no special abilities


You were on level 2 of the Dungeon.
You visited 1 branch of the dungeon, and saw 2 of its levels.

You collected 71 gold pieces.

Inventory:

Armour
 a - a +0 robe (worn)
Scrolls
 b - a scroll of enchant weapon {unknown}
 d - 2 scrolls of teleportation {unknown}
 f - a scroll of remove curse {unknown}
 g - a scroll of amnesia {unknown}
 h - 4 scrolls of identify {unknown}
Potions
 c - 2 potions of brilliance {unknown}
 e - a potion of resistance {unknown}
 i - a potion of might {unknown}
 j - a potion of experience {unknown}
 k - a potion of magic {unknown}
 l - a potion of haste {unknown}


   Skills:
 - Level 2.4 Dodging
 - Level 2.4 Stealth
 + Level 4.2 Spellcasting
 + Level 5.0 Conjurations


You had 7 spell levels left.
You knew the following spells:

 Your Spells              Type           Power        Failure   Level
a - Magic Dart            Conj           ####         1%          1
b - Searing Ray           Conj           ####..       1%          2

Your spell library contained the following spells:

 Spells                   Type           Power        Failure   Level
 Dazzling Flash           Conj/Hex       ###...       11%         3
 Fulminant Prism          Conj/Hex       ###.......   34%         4
 Iskenderun's Mystic Bla  Conj/Tloc      ###.....     34%         4


Dungeon Overview and Level Annotations

Branches:
Dungeon (2/15)

Altars:

Annotations:
D:2 Sigmund


Message History

You see here a robe.
Casting: Magic Dart (safe; 1% risk of failure)
Confirm with . or Enter, or press ? or * to list all spells.
Aiming: Searing Ray (safe; 1% risk of failure)
Press: ? - help, Shift-Dir - straight line, f/p - Sigmund
Aim: Sigmund, wielding a +0 scythe and wearing a +0 robe (lightly wounded)
The searing ray hits Sigmund!
Sigmund is heavily wounded. (Press . to maintain the ray.)
The searing ray hits Sigmund!
Sigmund is severely wounded.
Sigmund points at you and mumbles some strange words.
You are confused.
Sigmund points at you and mumbles some strange words.
The magic dart hits you!
Sigmund points at you and mumbles some strange words.
You resist with some effort.
Sigmund hits you from afar with a +0 scythe!
Ouch! That really hurt!
You die...

##(########.#.########.#.#
........†.............>#.#
...########...#.######.#.#
#..# ######...#.# #.#.#
##.##.........#.# ....#
##.##.........#.#
.#..+...........# .
.##.#........########....
.##...........@.@......#
.###..........##########
####..[.......#
..##..÷.......#
..##..###+#...# ..###.##
#..?# ..# #..# #...#
######.# #.@.#
###....##.#...#


You could see Sigmund.

Vanquished Creatures
  An adder (D:2)
  An ooze (D:2)
  3 leopard geckos
  3 goblins
  A hobgoblin (D:1)
  6 kobolds
  2 quokkas (D:2)
  A ball python (D:2)
  A bat (D:2)
  A frilled lizard (D:2)
  A rat (D:2)
21 creatures vanquished.

Notes
Turn   | Place    | Note
-------+----------+-------------------------------------------
     0 | D:1      | lorenzova the Deep Elf Conjurer began the quest for the
                  | Orb.
     0 | D:1      | Reached XP level 1. HP: 10/10 MP: 6/6
   218 | D:1      | Reached XP level 2. HP: 15/15 MP: 6/8
   222 | D:1      | Learned a level 2 spell: Searing Ray
   785 | D:2      | Reached skill level 5 in Conjurations
   785 | D:2      | Reached XP level 3. HP: 19/19 MP: 2/10
  1053 | D:2      | Noticed Sigmund
  1070 | D:2      | Slain by Sigmund

Illustrated notes

Levels and vault maps discovered:
D:1:      zaba_arrival_water, layout_basic
D:2:      layout_basic, uniq_sigmund

Skill      XL: |  1  2 |
---------------+-------+-----
Spellcasting   | 4 |  4.2
Conjurations   | 5 |  5.0
Dodging        | |  2.4
Stealth        | |  2.4

Action                   || total
-------------------------++-------
 Cast: Magic Dart        ||    44
       Searing Ray       ||     1
Armor: Robe              ||     1
Dodge: Dodged            ||     1

Table legend: (Time is in decaauts)
 A = Elapsed time spent in this place.
 B = Non-inter-level travel time spent in this place.
 C = Inter-level travel time spent in this place.
 D = Time resting spent in this place.
 E = Time spent auto-exploring this place.
 F = Levels seen in this place.
 G = Mean time per level.
                   A        B        C        D        E       F      G
               +--------+--------+--------+--------+--------+-----+--------+
         Total |   1076 |   1055 |     21 |    306 |    654 |   2 |  538.0 |
       Dungeon |   1076 |   1055 |     21 |    306 |    654 |   2 |  538.0 |
               +--------+--------+--------+--------+--------+-----+--------+

Top non-repeatable levels by time:
     D:1: 549 daAuts
     D:2: 526 daAuts
